AoeStats
← SnK | YSYSMOOO

Arabia

507389366Analyzed
1v1 RM · 15d ago on Sep 18, 2026· 39m 9s· 2 players
Game mode
Random Map
Map size
Tiny (2 player)
Population
200
Speed
Normal
Resources
Standard
Victory
Conquest
Starting age
Dark Age
Ending age
Imperial Age
RankedLock teamsTeams togetherTeam positionsShared explorationLock speedFull tech treeHidden civsTurbo modeCheats
Victory
Defeat
🇦🇷 Britons · Argentina
2128
+25
🇦🇷 Mapuche · Argentina
2345
-25
SnK | YSYSMOOO
6:10 Loom
8:45 Feudal Age
9:43 Double-Bit Axe
10:06 Horse Collar
19:23 Castle Age
17:45 Fletching
18:04 Gold Mining
18:46 Padded Archer Armor
19:59 Bodkin Arrow
19:32 Crossbowman
24:32 Town Watch
26:21 Ballistics
30:12 Bow Saw
30:34 Scale Barding Armor
32:09 Wheelbarrow
36:37 Imperial Age
35:39 Chain Barding Armor
36:03 Forging
35:57 Husbandry
36:17 Stone Mining
36:53 Hand Cart
39:53 Plate Barding Armor
38:43 Cavalier
DolunaK
6:26 Loom
8:49 Feudal Age
9:20 Double-Bit Axe
9:27 Horse Collar
18:50 Castle Age
17:25 Gold Mining
18:07 Fletching
18:18 Padded Archer Armor
19:02 Elite Skirmisher
20:00 Bodkin Arrow
21:57 Leather Archer Armor
22:46 Bow Saw
23:28 Wheelbarrow
27:18 Sanctity
30:10 Ballistics
Connection lost

Rejoining the realm…

Still unreachable

The connection could not be restored.

Session expired

The server has moved on; the page needs a fresh start.